 Dungeon Crawl Stone Soup version 0.31.0-11-ge490571c62 (webtiles) character file.

Game seed: 13105705010361665737

340 qw the Skirmisher (level 6, -7/33 (35) HPs)
             Began as a Deep Elf Hunter on Feb 5, 2024.
             Mangled by a wight
             ... wielding a +2 great sword
              (10 damage)
             ... on level 4 of the Dungeon.
             The game lasted 00:00:53 (2756 turns).

qw the Skirmisher (Deep Elf Hunter)                 Turns: 2756, Time: 00:00:54

HP:   -7/33 (35)    AC:  8    Str: 10    XL:     6   Next: 30%
MP:   8/8           EV: 11    Int: 14    God:
Gold: 244           SH:  0    Dex: 18    Spells: 5/5 levels left

rFire   . . .        a - +0 shortbow
rCold   . . .        (shield currently unavailable)
rNeg    . . .        g - +0 ring mail
rPois   +            e - +2 helmet
rElec   .            (no cloak)
rCorr   .            (no gloves)
SInv    .            (no boots)
Will    .....        (no amulet)
Stlth   +            m - ring of poison resistance
HPRegen 0.25/turn    (no ring)
MPRegen 0.11/turn

%: no passive effects
@: drained
A: no striking features
a: no special abilities


You were on level 4 of the Dungeon.
You visited 1 branch of the dungeon, and saw 4 of its levels.

You collected 244 gold pieces.


   Skills:
 - Level 2.2 Fighting
 + Level 9.7 Ranged Weapons
 - Level 2.4 Dodging
 - Level 1.2 Stealth


You had 5 spell levels left.
You didn't know any spells.
Your spell library was empty.

Inventory:

Hand Weapons
 a - a +0 shortbow (weapon)
Armour
 e - a +2 helmet (worn)
 g - a +0 ring mail (worn)
Jewellery
 m - a ring of poison resistance (left hand)
Scrolls
 o - a scroll of teleportation
Potions
 d - a potion of curing
 f - a potion of haste {unknown}
 h - a potion of heal wounds
 i - a potion of attraction {unknown}
 j - a potion of brilliance {unknown}
 k - a potion of mutation {unknown}
 l - a potion of berserk rage {unknown}

Dungeon Overview and Level Annotations

Branches:
Dungeon (4/15)
 Temple: D:4-7

Altars:
Zin

Annotations:
D:3 1 runed translucent door, Crazy Yiuf


Message History

You shoot an arrow. The arrow hits the wight.
The wight is moderately damaged.
You shoot an arrow. The arrow completely misses the wight.
You shoot an arrow. The arrow hits the wight.
The wight is heavily damaged.
You shoot an arrow. The arrow hits the wight.
The wight is heavily damaged.
You shoot an arrow. The arrow hits the wight!
You destroy the wight!
Your Fighting skill increases to level 2!
A wight comes into view. It is wielding a +2 great sword.
You shoot an arrow. The arrow hits the wight.
The wight is lightly damaged.
You shoot an arrow. The arrow hits the wight.
The wight is moderately damaged.
You shoot an arrow. The arrow hits the wight.
The wight is moderately damaged.
You shoot an arrow. The arrow hits the wight.
The wight is heavily damaged.
You shoot an arrow. The arrow barely misses the wight.
You shoot an arrow. The arrow closely misses the wight.
You shoot an arrow.
The arrow hits the wight but does no damage.
The wight is moderately damaged.
The wight barely misses you.
You shoot an arrow.
The arrow hits the wight but does no damage.
The wight is moderately damaged.
The wight misses you.
You shoot an arrow. The arrow barely misses the wight.
The wight hits you but does no damage.
You shoot an arrow. The arrow hits the wight.
The wight is heavily damaged.
The wight hits you with a +2 great sword!
You shoot an arrow. The arrow barely misses the wight.
The wight hits you with a +2 great sword!!
Ouch! That really hurt!
You feel drained.
The wight hits you with a +2 great sword!
You die...

#.........##....
#.........# .
####..>......#
#............##
#...............
#..........###...
#..........# .##
#?.........#...#.
#........@z......
####.............
#............#
#..........#.#
#.......##(...
#.......# #...
#.......# ##.
#####.###


You could see a wight.

Vanquished Creatures
  Sigmund (D:3)
  A wight (D:4)
  A hound (D:3)
  3 adders
  A dart slug (D:1)
  A ribbon worm (D:3)
  An orc (D:3)
  6 bats
  4 endoplasms
  2 giant cockroaches
  5 goblins (D:1)
  9 hobgoblins
  2 jackals (D:1)
  6 kobolds
  5 quokkas
  2 ball pythons
  6 frilled lizards
  4 rats
60 creatures vanquished.

Notes
Turn   | Place    | Note
-------+----------+-------------------------------------------
     0 | D:1      | qw the Deep Elf Hunter began the quest for the Orb.
     0 | D:1      | Reached XP level 1. HP: 12/12 MP: 3/3
     0 | D:1      | 0 ||| qw: Version: 0.3-a-160-g6735b56
     0 | D:1      | 0 ||| qw: Game counter: 6231
     0 | D:1      | 0 ||| qw: Melee chars always use a shield: true
     0 | D:1      | 0 ||| qw: God list: Okawaru
     0 | D:1      | 0 ||| qw: Allow faded altars: false
     0 | D:1      | 0 ||| qw: Do Orc after clearing Dungeon:15 true
     0 | D:1      | 0 ||| qw: Do second Lair branch before Depths: true
     0 | D:1      | 0 ||| qw: Lair rune preference: random
     0 | D:1      | 0 ||| qw: Goals: Normal
     0 | D:1      | 0 ||| PLANNING D:1-11
   151 | D:1      | Reached XP level 2. HP: 16/16 MP: 4/4
   159 | D:1      | Reached skill level 6 in Ranged Weapons
   326 | D:1      | Found a faded altar of an unknown god.
   417 | D:1      | Reached XP level 3. HP: 20/20 MP: 5/5
   542 | D:1      | 542 ||| UPGRADING to +2 helmet.
   547 | D:1      | 547 ||| READING 3 scrolls labelled XASOBR APLOYPT.
   548 | D:1      | 548 ||| READING scroll labelled GATOADGH ROBY.
   549 | D:1      | 549 ||| DRINKING 2 puce potions.
   550 | D:1      | 550 ||| DRINKING 2 ruby potions.
   551 | D:1      | 551 ||| DROPPING scroll of butterflies.
   552 | D:1      | 552 ||| DROPPING 2 scrolls of amnesia.
   729 | D:2      | Identified the +5 spear of Royalism {heavy, ^Fragile rF+
                  | rN++ Will+}
   764 | D:2      | Reached skill level 7 in Ranged Weapons
  1312 | D:2      | 1312 ||| READING scroll labelled QIOC WETHA.
  1317 | D:2      | 1317 ||| READING scroll labelled XIEDGHUCADWUI.
  1572 | D:3      | Found a runed translucent door.
  1573 | D:3      | Noticed Crazy Yiuf
  1657 | D:3      | Found a glowing silver altar of Zin.
  1658 | D:3      | Noticed an angel
  1904 | D:3      | Reached XP level 4. HP: 20/25 MP: 6/6
  1938 | D:3      | Identified the +8 dagger "String" {antimagic, rF+ Will+
                  | Str-5 Stlth+}
  1957 | D:3      | Reached skill level 8 in Ranged Weapons
  2099 | D:3      | Noticed Sigmund
  2107 | D:3      | Killed Sigmund
  2108 | D:3      | Reached skill level 9 in Ranged Weapons
  2108 | D:3      | Reached XP level 5. HP: 24/29 MP: 7/7
  2108 | D:3      | Reached XP level 6. HP: 28/34 MP: 8/8
  2551 | D:3      | 2551 ||| UPGRADING to +0 ring mail.
  2561 | D:3      | 2561 ||| DROPPING +0 leather armour.
  2562 | D:3      | 2562 ||| UPGRADING to ring of poison resistance.
  2563 | D:3      | 2563 ||| READING scroll labelled WUALAE SUSUGAR.
  2564 | D:3      | 2564 ||| READING scroll labelled BEBRISCHEYC.
  2756 | D:4      | HP: 8/35 [wight/+2 great sword (19)]
  2756 | D:4      | HP: 3/33 [wight/+2 great sword (5)]
  2756 | D:4      | Mangled by a wight

Levels and vault maps discovered:
D:1:      shiori_shiawase, layout_basic, dreamdust_ecumenical_altar_grove
D:2:      layout_basic, supply_closet_lemuel, st_stairs_8
D:3:      minmay_evil_eye, layout_loops_corners, zin_angel,
          uniq_crazy_yiuf_cottage, uniq_sigmund
D:4:      layout_rooms

Skill      XL: |  1  2  3  4  5  6 |
---------------+-------------------+-----
Ranged Weapons | 6 7 9 |  9.7
Fighting       | 2 |  2.2
Dodging        | |  2.4
Stealth        | |  1.2

Action                     |  1- 3 |  4- 6 || total
---------------------------+-------+-------++-------
   Fire: Shortbow          |   119 |    69 ||   188
    Use: Scroll            |     4 |     2 ||     6
         Potion            |     2 |       ||     2
 Armour: Leather armour    |    18 |    13 ||    31
         Ring mail         |       |     4 ||     4
  Dodge: Dodged            |    19 |    22 ||    41

Table legend:
 A = Non-vault XP
 B = Vault XP
 C = Vault XP percentage of total XP
 D = Non-vault monster count
 E = Vault monster count
 F = Vault count percentage of total count
                 A         B        C        D         E       F
            +---------+---------+-------+---------+---------+-------
      Total |     189 |     297 |  61.1 |      54 |       6 |  10.0
            +---------+---------+-------+---------+---------+-------
        D:1 |      44 |       0 |   0.0 |      25 |       0 |   0.0
        D:2 |      41 |       2 |   4.7 |      16 |       1 |   5.9
        D:3 |      28 |     295 |  91.3 |      10 |       5 |  33.3
        D:4 |      76 |       0 |   0.0 |       3 |       0 |   0.0
            +---------+---------+-------+---------+---------+-------
